 Dungeon Crawl Stone Soup version 0.28.0-55-gcd9437bce4 (webtiles) character file.

Game seed: 3263258274227436919

4184 Atelerd the Thaumaturge (level 10, -8/55 (56) HPs)
             Began as an Octopode Earth Elementalist on Jan 5, 2023.
             Was a Believer of Sif Muna.
             Mangled by a wight
             ... wielding a +0 war axe
              (10 damage)
             ... on level 8 of the Dungeon.
             The game lasted 00:14:03 (11604 turns).

Atelerd the Thaumaturge (OpEE)                     Turns: 11604, Time: 00:14:03

HP:   -8/55 (56)    AC:  1    Str:  7    XL:     10   Next: 29%
MP:   15/25         EV: 13    Int: 27    God:    Sif Muna [**....]
Gold: 355           SH:  0    Dex: 14    Spells: 24/32 levels left

rFire   . . .      SeeInvis .   q - +4 dagger of Anger {drain, rN+}
rCold   . . .      Faith    .   (no shield)
rNeg    + + .      Spirit   .   (helmet restricted)
rPois   .          Reflect  .   (no amulet)
rElec   .          Harm     .   j - ring of positive energy
rCorr   .          Rampage  .   g - +6 ring of intelligence
Will    .....                   (no ring)
Stlth   ++++......              (no ring)
HPRegen 0.18/turn               (no ring)
MPRegen 0.19/turn               (no ring)
                                (no ring)
                                (no ring)

@: lightly drained
A: almost no armour, amphibious, 8 rings, camouflage 1, gelatinous body 1,
(nimble swimmer 1), tentacles
a: Renounce Religion, Channel Magic


You were on level 8 of the Dungeon.
You worshipped Sif Muna.
Sif Muna was pleased with you.
You visited 2 branches of the dungeon, and saw 9 of its levels.

You collected 381 gold pieces.
You spent 26 gold pieces at shops.

Inventory:

Hand Weapons
 f - a +0 vorpal dagger
 i - a +4 falchion
 q - the +4 dagger of Anger (weapon) {drain, rN+}
   (You found it on level 6 of the Dungeon)

   A truly terrible weapon, it drains the life of any living foe it strikes.
   rN:        It protects you from negative energy.
Missiles
 b - 49 stones
 t - a throwing net
Magical Staves
 o - a staff of air
Jewellery
 g - a +6 ring of intelligence (right tentacle)
 j - a ring of positive energy (left tentacle)
 p - an amulet of faith
 u - a ring of positive energy
Wands
 e - a wand of acid (5)
 m - a wand of flame (17)
Scrolls
 a - 2 scrolls of brand weapon
 d - 2 scrolls of fog
 h - 2 scrolls of silence
 l - 2 scrolls of noise
 r - a scroll of identify
Potions
 c - 2 potions of mutation
 n - a potion of might
 s - a potion of resistance


   Skills:
 - Level 2.0 Short Blades
 - Level 2.0 Dodging
 - Level 6.0 Stealth
 + Level 11.7 Spellcasting
 - Level 1.0 Conjurations
 - Level 4.0 Transmutations
 - Level 1.0 Air Magic
 - Level 5.0 Earth Magic
 - Level 1.0 Poison Magic


You had 24 spell levels left.
You knew the following spells:

 Your Spells              Type           Power      Damage    Failure   Level
a - Sandblast             Erth           84%        2d18      1%          1
b - Mephitic Cloud        Conj/Pois/Air  21%        N/A       7%          3
p - Petrify               Tmut/Erth      40%        N/A       5%          4

Your spell library contained the following spells:

 Spells                   Type           Power      Damage    Failure   Level
 Beastly Appendage        Tmut           74%        N/A       1%          1
 Passwall                 Tmut/Erth      33%        N/A       1%          2
 Wereblood                Tmut           37%        N/A       1%          2
 Spider Form              Tmut/Pois      29%        N/A       3%          3
 Stone Arrow              Conj/Erth      62%        3d10      3%          3
 Ignite Poison            Fire/Tmut/Pois 24%        N/A       5%          3
 Call Canine Familiar     Summ           15%        N/A       11%         3
 Gell's Gravitas          Tloc           15%        N/A       11%         3
 Lesser Beckoning         Tloc           15%        N/A       11%         3
 Portal Projectile        Hex/Tloc       30%        N/A       11%         3
 Teleport Other           Tloc           15%        N/A       11%         3
 Leda's Liquefaction      Hex/Erth       14%        N/A       13%         4
 Freezing Cloud           Conj/Ice/Air   9%         6-21      58%         5


Dungeon Overview and Level Annotations

Branches:
Dungeon (8/15)             Temple (1/1) D:5
   Lair: D:8-11

Altars:
Ashenzari
Cheibriados
Dithmenos
Fedhas
Gozag
Kikubaaqudgha
Makhleb
Nemelex Xobeh
Ru
Sif Muna
Trog
Uskayaw
Vehumet
Wu Jian
Xom

Shops:
D:8 *

Annotations:
D:4 3 runed translucent doors, ciphuk's ghost, novice GnVM; peterlawrence's ghost, novice MiFi
D:6 exclusion: 2 downstairs
D:7 exclusion: downstairs


Innate Abilities, Weirdness & Mutations

You cannot wear most types of armour.
You are amphibious.
You can wear up to eight rings at the same time.
Your skin changes colour to match your surroundings (Stealth+).
Your rubbery body absorbs attacks. (AC +1, EV +1)
((You are camouflaged when in or above water. (Stealth+)))
You have tentacles for arms and can constrict up to eight enemies at once.


Message History

The blast of sand hits the wight.
The wight is severely damaged.
The wight hits you with a +5 great sword!
You partially resist.
You feel drained. The wight closely misses you.
The wight throws a poisoned dart.
The poisoned dart closely misses you.
The wight throws a poisoned dart.
The poisoned dart misses you.
The wight throws a poisoned dart.
The poisoned dart hits you!
You are poisoned.
You feel sick.
You feel sick.
You feel sick.
You feel sick.
You feel sick.
The wight throws a poisoned dart.
The poisoned dart hits you!
You are more poisoned.
You feel sick.
You feel sick.
The wight throws a poisoned dart.
The poisoned dart hits you.
You are more poisoned.
You feel sick.
You feel sick.
You feel sick.
A wight opens the door.
You feel better.
The wight throws a poisoned dart.
The poisoned dart hits you.
You are poisoned.
You feel sick.
You feel sick.
The wight throws a poisoned dart.
The poisoned dart barely misses you.
You feel sick.
You feel sick.
You feel sick.
You are no longer poisoned.
There is an open door here.
Okay, then.
Okay, then.
The wight closely misses you. The wight closely misses you.
The wight barely misses you.
There is a stone staircase leading up here.
The wight hits you from afar with a +0 halberd!
* * * LOW HITPOINT WARNING * * *
The wight hits you with a +0 war axe!
You die...

######## #.....)#
###.8....# #........#
#.>.∩.@z.##########
#........z.........
####8..z.##.##########
#.)......#.# ...#
#.#####..#z# ...#
#.....)..#.######...#
#..####.............'
#..# ####.##.......#
#..#######'##.#..#....


You could see 3 wights.

Vanquished Creatures
  A hydra (D:7)
  2 yaks (D:8)
  A steam dragon (D:8)
  3 water moccasins (D:7)
  An ice beast (D:7)
  2 orc warriors (D:7)
  5 ogres
  3 centaurs
  3 kobold brigands
  A gnoll sergeant (D:3)
  3 bullfrogs
  A wyvern zombie (D:3)
  2 scorpions
  A wyvern skeleton (D:7)
  2 wights
  4 howler monkeys (D:3)
  A crimson imp (D:5)
  6 hounds
  A bullfrog zombie (D:7)
  2 centaur skeletons
  3 orc priests (D:5)
  A gnoll shaman (D:3)
  2 iguanas (D:7)
  An orc wizard (D:5)
  2 killer bee zombies (D:6)
  6 adders
  21 gnolls
  A shadow imp (D:5)
  4 white imps
  A worm (D:4)
  3 dart slugs
  25 orcs
  4 bats
  8 endoplasms
  5 giant cockroaches
  7 hobgoblins
  12 jackals (D:3)
  7 quokkas
  8 ball pythons
  5 frilled lizards
  5 goblins
  A jackal skeleton (D:4)
  23 kobolds
  9 rats
  A spectral goblin (D:1)
210 creatures vanquished.

Vanquished Creatures (others)
  4 plants
  6 withered plants (D:4)
10 creatures vanquished.

Grand Total: 220 creatures vanquished

Notes
Turn   | Place    | Note
-------+----------+-------------------------------------------
     0 | D:1      | Atelerd the Octopode Earth Elementalist began the quest for
                  | the Orb.
     0 | D:1      | Reached XP level 1. HP: 11/11 MP: 3/3
   240 | D:1      | Reached XP level 2. HP: 9/17 MP: 0/5
  1157 | D:1      | Reached XP level 3. HP: 21/21 MP: 4/6
  1726 | D:1      | Found a faded altar of an unknown god.
  2234 | D:2      | Reached XP level 4. HP: 26/27 MP: 7/7
  2420 | D:2      | Found a broken altar of Ashenzari.
  2662 | D:2      | Learned a level 3 spell: Mephitic Cloud
  2667 | D:2      | Learned a level 4 spell: Petrify
  3575 | D:3      | Reached skill level 1 in Conjurations
  3575 | D:3      | Reached skill level 1 in Air Magic
  3575 | D:3      | Reached skill level 1 in Poison Magic
  3575 | D:3      | Reached XP level 5. HP: 26/31 MP: 4/9
  3843 | D:3      | HP: 1/31 [wyvern zombie (8)]
  4454 | D:4      | Reached skill level 3 in Spellcasting
  4457 | D:4      | Reached XP level 6. HP: 29/36 MP: 6/10
  4748 | D:4      | Found a runed translucent gate.
  4748 | D:4      | Found a runed translucent gate.
  4748 | D:4      | Found a runed translucent gate.
  4765 | D:4      | Noticed peterlawrence's ghost (novice MiFi)
  4765 | D:4      | Noticed ciphuk's ghost (novice GnVM)
  5312 | D:5      | Entered Level 5 of the Dungeon
  5330 | D:4      | Reached skill level 5 in Stealth
  5667 | D:5      | Reached XP level 7. HP: 15/41 MP: 7/12
  5860 | D:5      | Reached skill level 1 in Short Blades
  5972 | D:5      | Found an ancient bone altar of Kikubaaqudgha.
  6121 | D:5      | Found a staircase to the Ecumenical Temple.
  6207 | D:5      | Reached skill level 4 in Spellcasting
  6280 | Temple   | Entered the Ecumenical Temple
  6309 | Temple   | Became a worshipper of Sif Muna the Loreminder
  6358 | D:5      | Found a shimmering altar of Xom.
  6363 | D:5      | Reached skill level 5 in Earth Magic
  6873 | D:6      | Reached XP level 8. HP: 46/46 MP: 13/15
  7135 | D:6      | Reached skill level 5 in Spellcasting
  7152 | D:6      | Identified the +4 dagger of Anger {drain, rN+}
  7756 | D:7      | Reached skill level 6 in Spellcasting
  8258 | D:7      | Reached * piety under Sif Muna
  8259 | D:7      | Reached skill level 7 in Spellcasting
  8285 | D:7      | Reached skill level 8 in Spellcasting
  8285 | D:7      | Reached XP level 9. HP: 22/51 MP: 4/21
  8378 | D:7      | Noticed a nine-headed hydra
  8984 | D:3      | Reached skill level 9 in Spellcasting
  9095 | D:3      | Reached ** piety under Sif Muna
 10819 | D:7      | Killed a nine-headed hydra
 10820 | D:7      | Reached skill level 10 in Spellcasting
 10820 | D:7      | Reached XP level 10. HP: 56/56 MP: 10/24
 10839 | D:7      | Reached skill level 11 in Spellcasting
 11505 | D:8      | Found Monumeil's General Store.
 11511 | D:8      | Bought a scroll of identify for 26 gold pieces
 11604 | D:8      | HP: 2/55 [wight/+0 halberd (10)]
 11604 | D:8      | Mangled by a wight

Illustrated notes

Levels and vault maps discovered:
D:1:      minmay_arrival_four_houses, layout_loops_ring,
          dreamdust_ecumenical_altar_drowned_temple, minmay_tiny_reverse_x
D:2:      layout_rooms, basic_altar, kennysheep_big_empty_room, corexii_shack,
          minmay_misc_feat_secret_circle
D:3:      lemuel_castle_with_subvaults [lemuel_castle_interior_carwin_2],
          layout_basic
D:4:      layout_gridville, gammafunk_ghost_cemetery, minmay_quadrilaterals
D:5:      layout_rooms, kennysheep_little_box, kiku_gazebo_garden_becter,
          minmay_temple_entry_overgrown, minmay_fire_ice_demons
D:6:      layout_basic
D:7:      cheibrodos_barr_body, layout_basic, grunt_ministairs_9
D:8:      layout_basic, nicolae_overflow_hidden_temple,
          hangedman_abyss_or_decor_stagger, kennysheep_nub,
          nicolae_stop_n_shop_2
Temple:   compressed_dpeg_circular_temple

Skill      XL: |  1  2  3  4  5  6  7  8  9 10 |
---------------+-------------------------------+-----
Stealth        | 3 4 5 6 |  6.0
Transmutations | 2 3 4 |  4.0
Conjurations   | 1 |  1.0
Air Magic      | 1 |  1.0
Poison Magic   | 1 |  1.0
Earth Magic    | 4 5 |  5.0
Spellcasting   | 3 4 8 10 11 | 11.7
Short Blades   | 2 |  2.0
Dodging        | |  2.0

Action                   |  1- 3 |  4- 6 |  7- 9 | 10-12 || total
-------------------------+-------+-------+-------+-------++-------
Melee: Unarmed           |    32 |       |       |       ||    32
       Constrict         |    19 |    16 |    24 |     1 ||    60
       Tentacles         |    13 |    11 |    23 |     3 ||    50
       Punch             |     2 |       |     1 |       ||     3
       Dagger            |    17 |    64 |    88 |     7 ||   176
 Cast: Sandblast         |    37 |    50 |   115 |    26 ||   228
       Petrify           |       |     2 |    22 |     7 ||    31
       Mephitic Cloud    |       |     1 |     6 |     3 ||    10
Evoke: Wand              |       |       |     6 |       ||     6
  Use: Potion            |       |     7 |     1 |     1 ||     9
       Scroll            |       |     6 |     5 |     2 ||    13
 Stab: Sleeping          |     5 |     5 |     6 |       ||    16
       Distracted        |       |     1 |       |       ||     1
       Petrified         |       |       |    19 |     3 ||    22
       Petrifying        |       |       |     3 |       ||     3
       Confused          |       |       |       |     1 ||     1
Armor: Skin              |     6 |     3 |     3 |     2 ||    14
Dodge: Dodged            |    40 |    56 |    95 |    14 ||   205
